 Dungeon Crawl Stone Soup version 0.31-a0-188-g5e087ee2ca (webtiles) character file.

Game seed: 7769246189766686729

41163 Midn8 the Marksdraconian (level 13, -2/106 HPs)
             Began as a Grey Draconian Monk on June 23, 2023.
             Was the Champion of Hepliaklqana.
             Slain by a boulder beetle (32 damage)
             ... on level 4 of the Lair of Beasts on June 24, 2023.
             The game lasted 00:49:20 (16219 turns).

Midn8 the Marksdraconian (Grey Draconian Monk)     Turns: 16219, Time: 00:49:21

Health: -2/106     AC: 19    Str: 15    XL:     13   Next: 78%
Magic:  19/19      EV: 17    Int: 10    God:    Hepliaklqana [******]
Gold:   905        SH:  0    Dex: 18    Spells: 12/12 levels left

rFire   . . .        b - +1 orcbow (flame)
rCold   . . .        (shield currently unavailable)
rNeg    . . .        (body armour unavailable)
rPois   .            M - +2 hat {Will+}
rElec   .            z - +0 cloak
rCorr   +            (no gloves)
SInv    +            W - +2 pair of boots
Will    +....        f - amulet of faith
Stlth   ++           n - ring of see invisible
HPRegen 0.37/turn    g - ring of resist corrosion
MPRegen 0.16/turn

%: faith
@: lethally poisoned (-2 -> -4)
A: reduced essence, AC +13, amphibious, unfitting armour, cold-blooded
a: Renounce Religion, Recall Ancestor, Ancestor Identity, Transference, Idealise


You were on level 4 of the Lair of Beasts.
You worshipped Hepliaklqana.
Hepliaklqana was exalted by your worship.
You visited 2 branches of the dungeon, and saw 15 of its levels.
You also visited: Sewer.

You collected 905 gold pieces.

Inventory:

Hand Weapons
 a - a +4 great sword
 b - a +1 orcbow of flaming (weapon)
 h - a +4 dagger
 G - a +0 falchion
 J - a +1 shortbow of freezing
 L - a +0 scimitar
Missiles
 E - 8 throwing nets
 H - 13 curare-tipped darts
Armour
 c - an orb of light
 r - a scarf of resistance
 z - a +0 cloak (worn)
 M - a +2 hat of willpower (worn)
 W - a +2 pair of boots (worn)
Magical Staves
 k - a staff of poison
Jewellery
 f - an amulet of faith (around neck)
 g - a ring of resist corrosion (right hand)
 l - a ring of flight
 n - a ring of see invisible (left hand)
 D - a +6 ring of strength
 N - a ring of protection from cold
Wands
 o - a wand of mindburst (14)
 u - a wand of digging (10)
 y - a wand of roots (2)
 A - a wand of light (11)
 B - a wand of flame (16)
 K - a wand of polymorph (5)
 T - a wand of charming (3)
Scrolls
 e - 2 scrolls of revelation
 p - 2 scrolls of vulnerability
 s - a scroll of identify
 t - a scroll of amnesia
 v - a scroll of silence
 x - 2 scrolls of fog
 O - a scroll of enchant weapon
 P - a scroll of blinking
 Q - a scroll of immolation
 U - a scroll of fear
 V - 3 scrolls of teleportation
 Y - a scroll of brand weapon
Potions
 d - a potion of invisibility
 i - 6 potions of heal wounds
 j - 3 potions of haste
 m - 7 potions of mutation
 q - 6 potions of enlightenment
 C - a potion of ambrosia
 F - 2 potions of lignification
 I - a potion of brilliance
 R - a potion of cancellation
 S - 2 potions of curing
 X - 2 potions of attraction


   Skills:
 - Level 12.0 Fighting
 - Level 8.0 Long Blades
 + Level 15.7 Ranged Weapons
 - Level 8.0 Dodging
 - Level 9.0 Invocations


You had 12 spell levels left.
You didn't know any spells.
Your spell library contained the following spells:

 Spells                   Type           Power      Damage    Failure   Level
 Apportation              Tloc           0%         N/A       36%         1
 Sandblast                Erth           0%         2d4       36%         1
 Blink                    Tloc           0%         N/A       50%         2
 Lesser Beckoning         Tloc           0%         N/A       50%         2
 Momentum Strike          Conj/Tloc      0%         3d8       50%         2
 Passwall                 Tmut/Erth      0%         N/A       50%         2
 Stone Arrow              Conj/Erth      0%         3d7       75%         3
 Animate Dead             Necr           0%         N/A       98%         4
 Alistair's Intoxication  Tmut/Pois      0%         N/A       100%        5
 Borgnjor's Vile Clutch   Necr/Erth      0%         N/A       100%        5
 Death Channel            Necr           0%         N/A       100%        6


Dungeon Overview and Level Annotations

Branches:
Dungeon (10/15)            Temple (0/1) D:6            Lair (5/5) D:10
 Shoals (0/4) Lair:2       Spider (0/4) Lair:3        Slime (0/5) Lair:4
    Orc (0/2) D:10          Sewer (visited)

Altars:
Cheibriados
Elyvilon
Fedhas
Hepliaklqana
Kikubaaqudgha
Qazlal
Ru
Xom
Yredelemnul
The Shining One
Jiyva

Shops:
D:6 =   D:10 (

Annotations:
Lair:2 1 runed translucent door, Udepn's ghost, journeyman OgFE


Innate Abilities, Weirdness & Mutations

Your life essence is reduced to manifest your ancestor. (-10% HP)
Your dull iron-grey scales are very hard. (AC +13)
You are amphibious.
You cannot fit into any form of body armour.
You are cold-blooded and may be slowed by cold attacks.


Message History

The black mamba attacks as you move away!
The black mamba bites you but does no damage.
The black mamba misses you.
The boulder beetle leaps!
The black mamba bites you but does no damage.
The black mamba attacks as you move away!
The black mamba misses you.
The boulder beetle curls into a ball and begins rolling!
The black mamba bites you but does no damage.
The black mamba misses you. The black mamba barely misses you.
There is a stone staircase leading up here.
The black mamba completely misses you. The boulder beetle hits you!!
The boulder beetle stops rolling and uncurls.
The black mamba completely misses you.
You climb upwards.
There is a stone staircase leading down here.
The boulder beetle attacks as you move away!
The boulder beetle bites you. The black mamba misses you.
The boulder beetle curls into a ball and begins rolling!
The black mamba closely misses you. The black mamba barely misses you.
The black mamba bites you!
You are poisoned.
The black mamba poisons you!
The boulder beetle attacks as you move away!
The boulder beetle hits you!!
The boulder beetle stops rolling and uncurls.
You feel very sick.
The black mamba attacks as you move away!
The black mamba closely misses you.
You feel sick.
The black mamba bites you but does no damage.
You feel sick. The black mamba barely misses you.
You feel sick.
The boulder beetle curls into a ball and begins rolling!
The black mamba barely misses you.
The black mamba attacks as you move away!
The black mamba bites you but does no damage.
You feel sick. The black mamba misses you.
There is a stone staircase leading up here.
You feel sick. The black mamba misses you. The boulder beetle hits you!!
You die...

..P.### #P........#.#.....♣P♣ ♣♣
...## ####.#..#.........♣♣♣ ♣♣
....# ##.#####.......♣R♣♣♣♣.
#...## ### ##...##.#.♣R♣..♣
#....### #...[.####♣♣♣♣..
###....# ##...## #..♣.♣R
###...†###### ####...#######♣.♣♣♣
#.#...†..#..###.P.#..##..###.♣♣♣.
R#..###.........@S...##...#.♣.P.♣
...###...........B○...##...♣♣♣.♣♣
.### ##.....#.P###.°....#.♣♣....P
## #P.....#### ###°.....♣.P..♣♣
##....## #.......♣♣♣♣.♣.
#....########.......♣...♣♣♣
##....#.#..#...>.....♣.♣♣...
##.....................♣♣.♣♣♣
####....)..........##.....♣.♣..♣


You could see a boulder beetle (rolling, drained) and a black mamba.

Vanquished Creatures
  Gastronok (D:8)
  Harold (D:8)
  4 hydras
  2 two-headed ogres (D:9)
  A tengu warrior (D:9)
  3 death yaks (Lair:5)
  A deep troll (Lair:2)
  An orb spider (Lair:3)
  A black mamba (Lair:4)
  9 elephants
  An eye of devastation (Lair:3)
  A torpor snail (Lair:2)
  4 cane toads
  5 rime drakes
  An unseen horror zombie (D:9)
  7 komodo dragons
  A troll (D:9)
  A tyrant leech (shapeshifter) (D:9)
  3 blink frogs (Lair:4)
  3 shadows
  4 wyverns (Lair:4)
  30 yaks
  2 vampires
  2 basilisks
  An acid dragon (D:9)
  6 water moccasins
  2 sky beasts
  An orc warrior (D:9)
  2 black bears
  8 centaurs
  9 wolves
  3 phantoms
  5 kobold brigands
  9 bullfrogs
  3 necrophages (D:9)
  A scorpion (D:4)
  9 wights
  5 killer bees
  A troll zombie (D:10)
  2 electric eels
  5 howler monkeys (D:9)
  4 centaur zombies (D:9)
  A human zombie (D:9)
  3 hounds
  5 orc priests
  2 gnoll boudas
  A sleepcap (D:5)
  An iguana (D:6)
  16 orc wizards
  9 hell rats
  6 ogre zombies (D:10)
  A mummy (D:9)
  3 adders
  10 gnolls
  A white imp (D:7)
  An ufetubus (D:4)
  A worm (D:2)
  2 dart slugs
  29 orcs
  12 ball pythons
  5 endoplasms
  3 giant cockroaches
  7 hobgoblins
  3 jackals (Sewer)
  6 quokkas
  12 bats
  9 frilled lizards
  12 goblins
  2 goblin zombies (D:10)
  2 hobgoblin skeletons (D:10)
  A hobgoblin zombie (D:10)
  17 kobolds
  2 orc skeletons (D:10)
  13 orc zombies (D:10)
  2 rats
365 creatures vanquished.

Vanquished Creatures (collateral kills)
  A hydra (Lair:3)
  A two-headed ogre (D:9)
  2 death yaks (Lair:1)
  An ugly thing (D:9)
  3 elephants
  2 black mambas (Lair:3)
  2 komodo dragons
  An unseen horror zombie (D:9)
  2 blink frogs (Lair:4)
  A snapping turtle (Lair:2)
  3 wyverns
  12 yaks
  2 basilisks
  4 water moccasins
  2 orc warriors
  A sky beast (D:7)
  2 black bears (D:6)
  5 wolves
  2 centaurs
  A kobold brigand (D:10)
  4 bullfrogs
  2 scorpions
  4 wights
  8 killer bees
  A howler monkey (D:9)
  A hound (D:5)
  2 gnoll boudas
  2 jellies
  2 orc priests
  A sleepcap (D:5)
  An iguana (D:3)
  3 orc wizards (D:9)
  2 hell rats
  An ogre zombie (D:10)
  A mummy (D:9)
  7 gnolls
  5 adders
  2 river rats (Sewer)
  An ufetubus (D:4)
  5 worms
  8 orcs
  2 ball pythons
  A giant cockroach (Sewer)
  A goblin (D:2)
  4 jackals (Sewer)
  2 kobolds
  A quokka (D:1)
  A hobgoblin skeleton (D:10)
  An orc skeleton (D:10)
  3 orc zombies (D:10)
  5 rats (D:5)
134 creatures vanquished.

Vanquished Creatures (others)
  A yak (D:6)
  An orc wizard (D:8)
  27 hexers
29 creatures vanquished.

Grand Total: 528 creatures vanquished

Notes
Turn   | Place    | Note
-------+----------+-------------------------------------------
     0 | D:1      | Midn8 the Draconian Monk began the quest for the Orb.
     0 | D:1      | Reached XP level 1. HP: 19/19 MP: 1/1
   125 | D:1      | Reached XP level 2. HP: 26/26 MP: 2/2
   269 | D:1      | You fall into a shaft and drop 1 floor!
   315 | D:2      | Reached XP level 3. HP: 31/31 MP: 3/3
   336 | D:2      | Found a hazy altar of Hepliaklqana.
   341 | D:2      | Became a worshipper of Hepliaklqana the Forgotten
   341 | D:2      | Reached * piety under Hepliaklqana
   341 | D:2      | Reached ** piety under Hepliaklqana
   342 | D:2      | Remembered your ancestor Me, but cooler as a hexer
   344 | D:2      | Found a faded altar of an unknown god.
  1265 | D:2      | Reached XP level 4. HP: 33/34 MP: 4/4
  1446 | D:2      | Reached skill level 5 in Long Blades
  2140 | D:3      | Reached XP level 5. HP: 40/40 MP: 5/5
  2360 | D:4      | Reached skill level 1 in Invocations
  2592 | D:4      | Reached *** piety under Hepliaklqana
  2624 | D:4      | Reached XP level 6. HP: 40/45 MP: 6/8
  3350 | D:5      | Entered Level 5 of the Dungeon
  3437 | D:5      | Found a glowing drain.
  3454 | Sewer    | Entered a sewer
  4140 | D:5      | Your scales start taking on a dull iron-grey colour.
  4140 | D:5      | Reached XP level 7. HP: 18/53 MP: 10/10
  4334 | D:5      | Reached **** piety under Hepliaklqana
  4335 | D:5      | Found a hazy altar of Hepliaklqana.
  5105 | D:6      | Found a faded altar of an unknown god.
  5105 | D:6      | Found a faded altar of an unknown god.
  5113 | D:6      | Found a white marble altar of Elyvilon.
  5115 | D:6      | Found a sacrificial altar of Ru.
  5117 | D:6      | Found a shimmering altar of Xom.
  5178 | D:6      | Reached XP level 8. HP: 59/59 MP: 11/11
  5190 | D:6      | Reached skill level 5 in Fighting
  5337 | D:6      | Found a stormy altar of Qazlal.
  5474 | D:6      | Found a glowing golden altar of the Shining One.
  5499 | D:6      | Reached skill level 1 in Ranged Weapons
  5521 | D:6      | Reached skill level 2 in Ranged Weapons
  5525 | D:6      | Noticed an angel
  5534 | D:6      | Found a basalt altar of Yredelemnul.
  5597 | D:6      | Found Bahoibrub's Jewellery Shop.
  5643 | D:6      | Reached skill level 3 in Ranged Weapons
  5657 | D:6      | Reached skill level 4 in Ranged Weapons
  5850 | D:6      | Found a staircase to the Ecumenical Temple.
  5915 | D:6      | Reached skill level 5 in Ranged Weapons
  6006 | D:6      | Reached ***** piety under Hepliaklqana
  6177 | D:7      | Reached XP level 9. HP: 40/64 MP: 12/12
  6385 | D:7      | Reached skill level 6 in Ranged Weapons
  6589 | D:7      | Found a blossoming altar of Fedhas.
  6622 | D:7      | Reached skill level 7 in Ranged Weapons
  7032 | D:8      | Noticed Gastronok
  7043 | D:8      | Reached skill level 8 in Ranged Weapons
  7053 | D:8      | Reached skill level 5 in Invocations
  7168 | D:8      | Killed Gastronok
  7169 | D:8      | Reached skill level 9 in Ranged Weapons
  7169 | D:8      | Reached XP level 10. HP: 74/74 MP: 14/14
  7774 | D:8      | Reached skill level 10 in Ranged Weapons
  8247 | D:9      | Noticed a two-headed ogre
  8251 | D:9      | Killed a two-headed ogre
  8297 | D:9      | Noticed Harold
  8310 | D:9      | Reached skill level 5 in Dodging
  8525 | D:9      | Found a snail-covered altar of Cheibriados.
  8769 | D:9      | Noticed a two-headed ogre
  8867 | D:9      | Noticed a brown ugly thing
  8872 | D:9      | Killed a brown ugly thing
  8905 | D:9      | Reached XP level 11. HP: 83/84 MP: 15/15
  8915 | D:9      | Noticed a two-headed ogre
  8976 | D:8      | Killed Harold
  9103 | D:9      | Killed a two-headed ogre
  9104 | D:9      | Reached skill level 11 in Ranged Weapons
  9214 | D:9      | Noticed a two-headed ogre
  9222 | D:9      | Killed a two-headed ogre
  9392 | D:9      | Found an ancient bone altar of Kikubaaqudgha.
  9449 | D:9      | Reached skill level 12 in Ranged Weapons
  9485 | D:9      | Noticed a tengu warrior
  9536 | D:9      | Killed a tengu warrior
  9876 | D:10     | Entered Level 10 of the Dungeon
 10113 | D:10     | Found a staircase to the Orcish Mines.
 10127 | D:10     | Reached skill level 10 in Fighting
 10533 | D:10     | Found Onaesh's Antique Weapon Shoppe.
 10634 | D:10     | Found a staircase to the Lair.
 10851 | Lair:1   | Entered Level 1 of the Lair of Beasts
 10963 | Lair:1   | Reached XP level 12. HP: 95/95 MP: 18/18
 11180 | Lair:1   | Reached ****** piety under Hepliaklqana
 11883 | Lair:2   | Noticed a death yak
 11883 | Lair:2   | Noticed a death yak
 11952 | Lair:1   | Killed a death yak
 11961 | Lair:1   | Killed a death yak
 12718 | Lair:2   | Found a staircase to the Shoals.
 12886 | Lair:2   | Found a runed translucent door.
 12886 | Lair:2   | Found a shimmering altar of Xom.
 12886 | Lair:2   | Noticed Udepn's ghost (journeyman OgFE)
 13181 | Lair:3   | Noticed a seven-headed hydra
 13185 | Lair:3   | Killed a seven-headed hydra
 13356 | Lair:3   | Noticed a five-headed hydra
 13363 | Lair:3   | Killed a five-headed hydra
 13555 | Lair:3   | Found a hole to the Spider Nest.
 13604 | Lair:2   | Reached skill level 13 in Ranged Weapons
 13680 | Lair:3   | Reached XP level 13. HP: 104/106 MP: 19/19
 14287 | Lair:4   | Found a staircase to the Slime Pits.
 14287 | Lair:4   | Found a viscous altar of Jiyva.
 14446 | Lair:4   | Reached skill level 14 in Ranged Weapons
 14483 | Lair:4   | Identified the +0 kite shield of Duef {*Corrode rC+ rN++
                  | Str+2}
 14535 | Lair:4   | Identified the +3 war axe of the Butterfly {flame, rPois
                  | Str+4 Dex-5}
 15497 | Lair:5   | Entered Level 5 of the Lair of Beasts
 15526 | Lair:5   | Reached skill level 15 in Ranged Weapons
 16219 | Lair:4   | Slain by a boulder beetle

Illustrated notes

Levels and vault maps discovered:
D:1:      dpeg_arrival_another_circle, layout_loops_ring
D:2:      layout_basic, basic_altar, basic_ecumenical_altar
D:3:      layout_loops_ring, minmay_tree_intersection
D:4:      minmay_evil_eye, layout_basic
D:5:      layout_basic, mainiacjoe_overflow_concentric_impassable,
          nicolae_ossuary_entry_plus, portal_sewer_entry_b,
          hangedman_decor_lopped, chequers_decorated_corner
D:6:      layout_loops_corners, grunt_temple_overflow_holy_war,
          mainiacjoe_overflow_alcove_1, chequers_temple_overflow_minitemple,
          minmay_temple_entry_metal_lava, serial_shops,
          nicolae_shop_tiny_waterfront
D:7:      layout_rooms, fedhas_ov_isle_minmay, bh_walls_and_bars
D:8:      layout_basic, uniq_gastronok
D:9:      minmay_quarter_circles, layout_cave_pools,
          lemuel_mausoleum_altar_kikubaaqudgha,
          mainiacjoe_overflow_tiny_flanked, enter_bailey_5, uniq_harold
D:10:     layout_loops_corners, david_lair_generic, zombieorc2_lemuel,
          serial_shops, shop
Lair:1:   layout_roguey, grunt_megastairs_5
Lair:2:   dreamdust_cave_troll, layout_gridlike, minmay_shoals_entry_hut,
          ebering_ghost_xom, beast_lair_carwin_4, infiniplex_staircase_pool,
          grunt_megastairs_3
Lair:3:   layout_roguey, nicolae_spider_entry_orb_guardian
Lair:4:   layout_layer_cave, slime_entry_1, wad_woods_river_01
Lair:5:   cheibrodos_lair_end_hotspot, layout_loops_ring, st_stairs_11,
          uniq_snorg, uniq_urug

Skill      XL: |  1  2  3  4  5  6  7  8  9 10 11 12 13 |
---------------+----------------------------------------+-----
Long Blades    | 4 5 6 8 |  8.0
Invocations    | 3 4 6 8 9 |  9.0
Fighting       | 4 6 8 10 12 | 12.0
Dodging        | 3 4 6 8 |  8.0
Ranged Weapons | 5 9 10 12 13 15 | 15.7

Action                     |  1- 3 |  4- 6 |  7- 9 | 10-12 | 13-15 || total
---------------------------+-------+-------+-------+-------+-------++-------
  Melee: Falchion          |    79 |   162 |    80 |       |       ||   321
         Tailslap          |    14 |    26 |    22 |     7 |     3 ||    72
         Great sword       |       |       |     4 |    34 |    11 ||    49
         Orcbow            |       |       |       |     1 |       ||     1
   Fire: Shortbow          |       |       |    91 |       |       ||    91
         Orcbow            |       |       |    78 |   728 |   311 ||  1117
 Invoke: Recall Ancestor   |     1 |       |       |     2 |     2 ||     5
         Ancestor Life: He |     1 |       |       |       |       ||     1
         Ancestor Identity |     1 |       |       |       |       ||     1
         Idealise          |       |       |     1 |       |       ||     1
         Transference      |       |       |       |     1 |     1 ||     2
  Evoke: Wand              |       |       |       |     1 |     2 ||     3
    Use: Scroll            |     2 |    10 |     5 |     6 |     4 ||    27
         Potion            |       |       |       |     1 |       ||     1
   Stab: Distracted        |     1 |     1 |     1 |     1 |       ||     4
         Confused          |       |     1 |     2 |     2 |       ||     5
 Armour: Skin              |    26 |    54 |    48 |    84 |    48 ||   260
  Dodge: Dodged            |    54 |   114 |    94 |   167 |   125 ||   554

Table legend: (Time is in decaauts)
 A = Elapsed time spent in this place.
 B = Non-inter-level travel time spent in this place.
 C = Inter-level travel time spent in this place.
 D = Time resting spent in this place.
 E = Time spent auto-exploring this place.
 F = Levels seen in this place.
 G = Mean time per level.
                   A        B        C        D        E       F      G
               +--------+--------+--------+--------+--------+-----+--------+
         Total |  16138 |  15502 |    636 |   2779 |   9281 |  16 | 1008.6 |
       Dungeon |  10367 |   9864 |    503 |   1537 |   6060 |  10 | 1036.7 |
          Lair |   5287 |   5154 |    133 |   1191 |   2923 |   5 | 1057.4 |
         Sewer |    483 |    483 |      0 |     51 |    298 |   1 |  483.0 |
               +--------+--------+--------+--------+--------+-----+--------+

Top non-repeatable levels by time:
  Lair:4: 1462 daAuts
     D:8: 1404 daAuts
     D:9: 1374 daAuts
  Lair:2: 1207 daAuts
  Lair:1: 1192 daAuts
     D:5: 1169 daAuts
     D:6: 1157 daAuts
  Lair:3: 1143 daAuts
     D:4: 1110 daAuts
    D:10: 960 daAuts
     D:7: 886 daAuts
     D:1: 834 daAuts
     D:2: 789 daAuts
     D:3: 680 daAuts
   Sewer: 483 daAuts
